 Dungeon Crawl Stone Soup version 0.30-a0-802-gb92711bcdf (webtiles) character file.

Game seed: 11596233951278544065

74 NinjaNoafa the Poker (level 4, -4/40 HPs)
             Began as a Hill Orc Monk on Feb 24, 2023.
             Killed by divine providence
             ... invoked by an orc priest
              (12 damage)
             ... on level 3 of the Dungeon.
             The game lasted 00:09:23 (1909 turns).

NinjaNoafa the Poker (Hill Orc Monk)                Turns: 1909, Time: 00:09:24

Health: -4/40      AC:  3    Str: 15    XL:     4   Next: 30%
Magic:  4/4        EV: 12    Int: 10    God:
Gold:   106        SH:  0    Dex: 13    Spells: 3/3 levels left

rFire   . . .      SeeInvis .    a - +0 spear
rCold   . . .      Faith    .    (no shield)
rNeg    . . .      Spirit   .    d - +0 leather armour
rPois   +          Reflect  .    (no helmet)
rElec   .          Harm     .    (no cloak)
rCorr   .          Rampage  .    (no gloves)
Will    .....                    (no boots)
Stlth   ++                       (no amulet)
HPRegen 0.26/turn                g - ring of poison resistance
MPRegen 0.09/turn                (no ring)

@: mighty
A: no striking features
a: Convert to Beogh


You were on level 3 of the Dungeon.
You visited 1 branch of the dungeon, and saw 3 of its levels.

You collected 106 gold pieces.

Inventory:

Hand Weapons
 a - a +0 spear (weapon)
Armour
 d - a +0 leather armour (worn)
Jewellery
 g - a ring of poison resistance (left hand)
Scrolls
 b - 3 scrolls of teleportation
 e - a scroll of fog
 i - 2 scrolls of vulnerability {unknown}
 j - a scroll of enchant weapon {unknown}
 k - a scroll of identify
 l - a scroll of poison {unknown}
 m - a scroll of summoning {unknown}
 n - a scroll of enchant armour {unknown}
 p - a scroll of torment {unknown}
Potions
 h - a potion of curing


   Skills:
 - Level 4.0 Fighting
 + Level 4.4 Polearms
 + Level 2.6 Armour
 - Level 2.4 Dodging
 - Level 1.5 Stealth


You had 3 spell levels left.
You didn't know any spells.
Your spell library was empty.

Dungeon Overview and Level Annotations

Branches:
Dungeon (3/15)

Altars:
Ashenzari


Message History

The orc is almost dead.
A rat comes into view.
The orc hits you with a +0 hand axe.
The kobold hits you with a +0 short sword.
Reach: a) +0 spear
Press: ? - help, Dir - move target, f/p - orc priest
Aim: an orc priest, wielding a +0 short sword (severely wounded, about 36% to evade your +0 spear)
The kobold is in the way.
You closely miss the kobold. The orc hits you with a +0 hand axe.
The kobold hits you with a +0 short sword.
* * * LOW HITPOINT WARNING * * *
You barely miss the orc.
The orc is almost dead.
The orc hits you with a +0 hand axe.
* * * LOW HITPOINT WARNING * * *
The kobold hits you with a +0 short sword.
* * * LOW HITPOINT WARNING * * *
You closely miss the orc.
The orc is almost dead.
The orc hits you with a +0 hand axe.
* * * LOW HITPOINT WARNING * * *
The kobold barely misses you.
You hit the orc.
You kill the orc!
An orc wizard appears from thin air!
Reactivating autopickup.
The orc priest looks braver for a moment.
The orc wizard gestures wildly while chanting.
The orc wizard flickers and vanishes!
Deactivating autopickup; reactivate with Ctrl-A.
The kobold closely misses you.
The orc priest shouts, "Beogh is our master!
Accept the truth or die!"
You closely miss the kobold. The kobold barely misses you.
The orc priest invokes the aid of Beogh against you.
Beogh smites you!
* * * LOW HITPOINT WARNING * * *
You feel better.
The orc priest invokes the aid of Beogh against you.
Beogh smites you!
You die...

...........#####.....##........
.....................##........
....^................##........
..........o..........##........
.........####'##.....########'#
.........# #r##.....# #.#
...o.....# #{o##+#'## #.#
.........# ##K##.#.#########.#
.........# #@)#.#.........#.#
########.######...#########.#.#
#.##.........# .#.# #.........#
.#.# #.........# .#.#
#.........## .#.# #..........##
.#.# #........#..## .#.#
#........##..####.#.#


You could see an orc priest, a kobold and a rat.

Vanquished Creatures
  2 adders (D:2)
  A worm (D:3)
  A dart slug (D:2)
  2 orcs (D:3)
  4 endoplasms
  3 giant cockroaches
  A goblin (D:2)
  7 hobgoblins
  5 jackals (D:3)
  3 quokkas
  6 ball pythons
  A bat (D:3)
  A frilled lizard (D:1)
  5 kobolds
  3 rats
45 creatures vanquished.

Notes
Turn   | Place    | Note
-------+----------+-------------------------------------------
     0 | D:1      | NinjaNoafa the Hill Orc Monk began the quest for the Orb.
     0 | D:1      | Reached XP level 1. HP: 19/19 MP: 1/1
   222 | D:1      | Reached XP level 2. HP: 26/27 MP: 2/2
   236 | D:1      | Reached skill level 1 in Armour
   834 | D:2      | Reached XP level 3. HP: 32/33 MP: 3/3
  1124 | D:3      | Reached XP level 4. HP: 36/40 MP: 4/4
  1652 | D:3      | Found a broken altar of Ashenzari.
  1908 | D:3      | HP: 1/40 [orc priest/divine providence (12)]
  1909 | D:3      | Killed from afar by an orc priest

Illustrated notes

Levels and vault maps discovered:
D:1:      matt_arrival_refuge, layout_rooms, serial_corexii_hall,
          chequers_hall_statues_corner_a, chequers_hall_statues_wall_a,
          chequers_hall_statues_wall_a, corexii_hall_statues_x, minivault_23,
          minmay_pentomino_p2
D:2:      layout_loops_ring
D:3:      layout_basic, mainiacjoe_overflow_alcove_4,
          chequers_serial_rivers_micro_e

Skill      XL: |  1  2  3 |
---------------+----------+-----
Armour         | 1 2 |  2.6
Fighting       | 4 |  4.0
Polearms       | 4 |  4.4
Dodging        | |  2.4
Stealth        | |  1.5

Action                     |  1- 3 |  4- 6 || total
---------------------------+-------+-------++-------
  Melee: Spear             |   134 |    72 ||   206
         Punch             |     1 |     1 ||     2
    Use: Scroll            |     1 |     4 ||     5
         Potion            |       |     3 ||     3
   Stab: Sleeping          |     3 |     1 ||     4
 Armour: Leather armour    |    24 |    13 ||    37
  Dodge: Dodged            |    61 |    48 ||   109

Table legend: (Time is in decaauts)
 A = Elapsed time spent in this place.
 B = Non-inter-level travel time spent in this place.
 C = Inter-level travel time spent in this place.
 D = Time resting spent in this place.
 E = Time spent auto-exploring this place.
 F = Levels seen in this place.
 G = Mean time per level.
                   A        B        C        D        E       F      G
               +--------+--------+--------+--------+--------+-----+--------+
         Total |   1888 |   1557 |    331 |      0 |    491 |   3 |  629.3 |
       Dungeon |   1888 |   1557 |    331 |      0 |    491 |   3 |  629.3 |
               +--------+--------+--------+--------+--------+-----+--------+

Top non-repeatable levels by time:
     D:3: 832 daAuts
     D:1: 660 daAuts
     D:2: 395 daAuts
